 Dungeon Crawl Stone Soup version 0.29-a0-1039-gfc20370e89 (webtiles) character file.

Game seed: 3124934199772235852

2371 KleinerIrrer the Zephyrmancer (level 10, -20/93 HPs)
             Began as a Meteoran Air Elementalist on Aug 11, 2022.
             Was an Initiate of Cheibriados.
             Demolished by megamayne420's ghost (23 damage)
             ... on level 7 of the Dungeon on Aug 15, 2022.
             The game lasted 00:31:44 (3226 turns).

KleinerIrrer the Zephyrmancer (MeAE)                Turns: 3226, Time: 00:31:44

Health: -20/93     AC:  9    Str: 11    XL:     10   Next: 3%
Magic:  1/15       EV: 13    Int: 22    God:    Cheibriados [......]
Gold:   279        SH:  0    Dex: 21    Spells: 4/14 levels left

rFire   . . .      SeeInvis .   s - +9 falchion "Hellblazer" {drain, Dex+5}
rCold   . . .      Faith    .   (no shield)
rNeg    . . .      Spirit   .   u - +0 steam dragon scales
rPois   .          Reflect  .   (no helmet)
rElec   .          Harm     .   t - +0 cloak
rCorr   .          Rampage  .   l - +0 pair of gloves
Will    +....                   (no boots)
Stlth   ..........              (no amulet)
HPRegen 0.25/turn               (no ring)
MPRegen 0.14/turn               (no ring)

@: mighty, berserking, glowing, very slow
A: sense surroundings 2, otherworldly, glowing, explore regen, iridescent scales
1, frail 1
a: Renounce Religion


You were on level 7 of the Dungeon.
You worshipped Cheibriados.
Cheibriados was noncommittal.
You visited 2 branches of the dungeon, and saw 8 of its levels.

You collected 279 gold pieces.

Inventory:

Hand Weapons
 s - the +9 falchion "Hellblazer" (weapon) {drain, Dex+5}
   (You found it on level 6 of the Dungeon)

   A truly terrible weapon, it drains the life of any living foe it strikes.
   Dex:       It affects your dexterity (+5).
Missiles
 g - 2 javelins
Armour
 l - a +0 pair of gloves (worn)
 n - the +0 chain mail "Buruiph" {Contam Drain Will+++ Str+5}
   (You found it on level 5 of the Dungeon)

   Str:       It affects your strength (+5).
   Contam:    It causes magical contamination when unequipped.
   Drain:     It drains your maximum health when unequipped.
   Will:      It greatly increases your willpower.
 t - a +0 cloak (worn)
 u - +0 steam dragon scales (worn)
Jewellery
 p - a +4 ring of slaying
Wands
 k - a wand of flame (15)
Scrolls
 a - a scroll of noise {unknown}
 d - a scroll of magic mapping {unknown}
 e - a scroll of vulnerability {unknown}
 f - a scroll of amnesia {unknown}
 h - a scroll of fear {unknown}
 r - a scroll of enchant armour {unknown}
Potions
 b - a potion of magic
 c - 3 potions of curing
 o - a potion of attraction
 q - a potion of degeneration {unknown}


   Skills:
 - Level 2.4 Dodging
 - Level 1.4 Stealth
 - Level 2.6 Spellcasting
 - Level 1.2 Conjurations
 + Level 14.9 Air Magic


You had 4 spell levels left.
You knew the following spells:

 Your Spells              Type           Power      Damage    Failure   Level
a - Shock                 Conj/Air       100%       1d9       1%          1
b - Swiftness             Air            62%        N/A       1%          3
c - Static Discharge      Conj/Air       38%        3-8/arc   1%          2
d - Airstrike             Air            31%        2d(5-21)  1%          4

Your spell library contained the following spells:

 Spells                   Type           Power      Damage    Failure   Level
 Freeze                   Ice            8%         1d3       13%         1
 Ensorcelled Hibernation  Hex/Ice        4%         N/A       19%         2
 Frozen Ramparts          Ice            4%         1d1       36%         3
 Spider Form              Tmut/Pois      2%         N/A       36%         3
 Hailstorm                Conj/Ice       5%         3d4       69%         4
 Anguish                  Hex/Necr       1%         N/A       77%         4


Dungeon Overview and Level Annotations

Branches:
Dungeon (7/15) Zot: 1499   Temple (1/1) D:7 Zot: 877

Altars:
Ashenzari
Cheibriados
Dithmenos
Elyvilon
Fedhas
Kikubaaqudgha
Nemelex Xobeh
Okawaru
Qazlal
Ru
Sif Muna
Yredelemnul
Zin
The Shining One

Annotations:
D:7 megamayne420's ghost, novice HOMo


Innate Abilities, Weirdness & Mutations

You passively map the area around you.
You are easily found by Zot.
You glow in the dark.
You regain HP and MP as you explore.
You are partially covered in iridescent scales. (AC +2)
You are frail. (-10% HP)


Message History

Aim: megamayne420's ghost (lightly damaged, empty space bonus: 7/8)
The air twists around and strikes megamayne420's ghost.
Megamayne420's ghost is moderately damaged.
Megamayne420's ghost hits you!
Unknown command.
Casting: Airstrike (safe; 1% risk of failure)
Confirm with . or Enter, or press ? or * to list all spells.
Aiming: Airstrike (safe; 1% risk of failure)
Press: ? - help, Dir - move target, f/p - megamayne420's ghost
Aim: megamayne420's ghost (moderately damaged, empty space bonus: 7/8)
The air twists around and strikes megamayne420's ghost!
Megamayne420's ghost is heavily damaged.
Megamayne420's ghost completely misses you.
Unknown command.
Casting: Airstrike (safe; 1% risk of failure)
Confirm with . or Enter, or press ? or * to list all spells.
You don't have enough magic to cast this spell.
Unknown command.
You feel very mighty all of a sudden. Megamayne420's ghost hits you.
A red film seems to cover your vision as you go berserk!
Cheibriados forces you to slow down.
You feel mighty! Megamayne420's ghost hits you!!
You hit megamayne420's ghost.
Megamayne420's ghost is heavily damaged.
Megamayne420's ghost hits you!
* * * LOW HITPOINT WARNING * * *
You slash megamayne420's ghost!
Megamayne420's ghost is severely damaged.
Megamayne420's ghost hits you!
* * * LOW HITPOINT WARNING * * *
You barely miss megamayne420's ghost.
Megamayne420's ghost is severely damaged.
Megamayne420's ghost hits you!
* * * LOW HITPOINT WARNING * * *
Megamayne420's ghost hits you but does no damage.
You barely miss megamayne420's ghost.
Megamayne420's ghost is severely damaged.
Megamayne420's ghost hits you!!
You die...

* , ,* ##. #####
,,....
##...###.... *
#....#.#... # *
#........#.## ,
##....##.#..#,,
##.#.........#. ,
,
#...@..........,,,
#...W..........
... *
##....#........
..,
####'##.#......
.g, . ###.#.$$#.#
..#..* #.
*,..####...#.8.#.#
*##? ###.##
....#....#####.#
##g# .....
...............#
##.... #... *
..............#
......###..


You could see megamayne420's ghost.

Vanquished Creatures
  A wyvern (D:7)
  A wraith (D:6)
  2 steam dragons (D:7)
  A water moccasin (D:6)
  A sky beast (D:7)
  A centaur (D:7)
  A black bear (D:6)
  A phantom (D:5)
  2 necrophages
  3 bullfrogs
  6 scorpions
  A wight (D:7)
  A killer bee (D:7)
  3 howler monkeys
  A jelly (D:5)
  2 gnoll boudas
  2 orc priests (D:5)
  3 hounds
  An iguana (D:7)
  An orc wizard (D:5)
  12 gnolls
  8 adders
  2 ufetubi
  2 worms
  A dart slug (D:1)
  12 orcs
  4 ball pythons (D:1)
  3 bats
  6 endoplasms
  3 giant cockroaches
  7 hobgoblins
  4 jackals (D:3)
  4 quokkas
  3 frilled lizards
  4 goblins
  4 kobolds
  4 rats
118 creatures vanquished.

Vanquished Creatures (others)
  3 orcs (D:7)
  A hobgoblin (D:2)
  A quokka (D:2)
  6 plants (D:5)
  2 withered plants (D:7)
13 creatures vanquished.

Grand Total: 131 creatures vanquished

Notes
Turn   | Place    | Note
-------+----------+-------------------------------------------
     0 | D:1      | KleinerIrrer the Meteoran Air Elementalist began the quest
                  | for the Orb.
     0 | D:1      | Reached XP level 1. HP: 14/14 MP: 5/5
    58 | D:1      | Found a faded altar of an unknown god.
    99 | D:1      | Reached skill level 4 in Air Magic
   127 | D:1      | Gained mutation: You are frail. (-10% HP) [potion of
                  | mutation]
   127 | D:1      | Gained mutation: You are partially covered in iridescent
                  | scales. (AC +2) [potion of mutation]
   131 | D:1      | Reached XP level 2. HP: 7/18 MP: 4/6
   217 | D:1      | Reached XP level 3. HP: 23/23 MP: 0/8
   324 | D:2      | Reached skill level 5 in Air Magic
   392 | D:2      | Reached XP level 4. HP: 24/29 MP: 4/9
   591 | D:2      | Reached skill level 6 in Air Magic
   608 | D:2      | Found an iron altar of Okawaru.
   658 | D:3      | Upgraded the game from 0.29-a0-1023-g6ae1a4a2c7 to
                  | 0.29-a0-1027-gcd8c55af63
   764 | D:3      | Reached XP level 5. HP: 34/34 MP: 3/10
  1034 | D:4      | Learned a level 3 spell: Swiftness
  1037 | D:4      | Learned a level 2 spell: Static Discharge
  1188 | D:4      | Reached skill level 7 in Air Magic
  1198 | D:4      | Reached XP level 6. HP: 34/40 MP: 7/11
  1262 | D:5      | Entered Level 5 of the Dungeon
  1277 | D:4      | Reached skill level 8 in Air Magic
  1284 | D:4      | Learned a level 4 spell: Airstrike
  1326 | D:5      | Reached XP level 7. HP: 26/45 MP: 4/12
  1396 | D:3      | Found a blossoming altar of Fedhas.
  1498 | D:5      | Reached skill level 9 in Air Magic
  1554 | D:5      | Identified the +0 chain mail "Buruiph" {Contam Drain
                  | Will+++ Str+5}
  1704 | D:5      | Found a white marble altar of Elyvilon.
  1749 | D:5      | Reached skill level 10 in Air Magic
  1749 | D:5      | Reached XP level 8. HP: 51/51 MP: 0/13
  2272 | D:6      | Reached skill level 11 in Air Magic
  2438 | D:6      | Noticed a wraith
  2445 | D:6      | Killed a wraith
  2452 | D:6      | Reached skill level 12 in Air Magic
  2477 | D:6      | Identified the +9 falchion "Hellblazer" {drain, Dex+5}
  2551 | D:6      | Found a glowing silver altar of Zin.
  2656 | D:7      | Gained mutation: You passively map the area around you.
                  | [Meteoran growth]
  2656 | D:7      | Reached XP level 9. HP: 52/55 MP: 14/14
  2761 | D:7      | Reached skill level 13 in Air Magic
  2982 | D:6      | Found a sacrificial altar of Ru.
  3064 | D:7      | Reached skill level 14 in Air Magic
  3076 | D:7      | Found a staircase to the Ecumenical Temple.
  3084 | D:7      | Upgraded the game from 0.29-a0-1027-gcd8c55af63 to
                  | 0.29-a0-1039-gfc20370e89
  3085 | Temple   | Entered the Ecumenical Temple
  3093 | Temple   | Became a worshipper of Cheibriados the Contemplative
  3156 | D:7      | Reached XP level 10. HP: 46/61 MP: 2/15
  3162 | D:7      | Found a shimmering blue altar of Sif Muna.
  3210 | D:7      | Found a runed translucent door.
  3210 | D:7      | Noticed megamayne420's ghost (novice HOMo)
  3225 | D:7      | HP: 3/93 [megamayne420's ghost (11)]
  3226 | D:7      | Demolished by megamayne420's ghost

Illustrated notes

Levels and vault maps discovered:
D:1:      dpeg_arrival_ternary, layout_basic, basic_ecumenical_altar
D:2:      minmay_chambers_of_twos, layout_rooms, basic_altar,
          grunt_ministairs_4, minmay_misc_feat_ornament, lemuel_flame_loot_1
D:3:      layout_loops_ring, trog_antimagical, fedhas_altar_fruit_tree
D:4:      layout_loops_ring, minmay_fractal_squares_gapless_5
D:5:      layout_loops_ring, nicolae_elyvilon_temple_path
D:6:      layout_basic, lemuel_crystal_altar, zin_treasury,
          uniq_crazy_yiuf_cottage
D:7:      layout_cave_pools, minmay_temple_entry_antechambers,
          gammafunk_ghost_grave, st_stairs_7, minivault_25, minmay_ruined_shrine
Temple:   eino_temple_lava

Skill      XL: |  1  2  3  4  5  6  7  8  9 |
---------------+----------------------------+-----
Air Magic      | 4 5 6 7 8 10 12 14 | 14.9
Dodging        | |  2.4
Stealth        | |  1.4
Spellcasting   | |  2.6
Conjurations   | |  1.2

Action                   |  1- 3 |  4- 6 |  7- 9 | 10-12 || total
-------------------------+-------+-------+-------+-------++-------
Melee: Unarmed           |       |     1 |     2 |       ||     3
       Falchion          |       |       |    32 |     7 ||    39
 Cast: Shock             |    35 |    83 |    80 |       ||   198
       Airstrike         |       |     1 |    25 |     4 ||    30
  Use: Potion            |     3 |       |     1 |     2 ||     6
       Scroll            |       |       |     3 |       ||     3
Armor: Robe              |     8 |     9 |    35 |       ||    52
       Steam dragon scal |       |       |    17 |     5 ||    22
Dodge: Dodged            |     9 |    30 |    70 |     3 ||   112

Table legend: (Time is in decaauts)
 A = Elapsed time spent in this place.
 B = Non-inter-level travel time spent in this place.
 C = Inter-level travel time spent in this place.
 D = Time resting spent in this place.
 E = Time spent auto-exploring this place.
 F = Levels seen in this place.
 G = Mean time per level.
                   A        B        C        D        E       F      G
               +--------+--------+--------+--------+--------+-----+--------+
         Total |   3269 |   1115 |   2154 |      0 |      5 |   8 |  408.6 |
       Dungeon |   3250 |   1112 |   2138 |      0 |      5 |   7 |  464.3 |
        Temple |     18 |      3 |     15 |      0 |      0 |   1 |   18.0 |
               +--------+--------+--------+--------+--------+-----+--------+

Top non-repeatable levels by time:
     D:6: 788 daAuts
     D:5: 581 daAuts
     D:4: 579 daAuts
     D:3: 358 daAuts
     D:2: 357 daAuts
     D:1: 295 daAuts
     D:7: 289 daAuts
  Temple: 18 daAuts
